[Event "Late-Titled-Tuesday-Blitz-June-18-2024"]
[Site "Chess.com"]
[Date "2024.06.18"]
[Round "8"]
[White "CombativeWombat"]
[Black "JAN2404"]
[Result "0-1"]
[WhiteElo "2286"]
[BlackElo "2095"]
[TimeControl "180+1"]
[EndTime "15:29:30 PDT"]
[Termination "JAN2404 won by checkmate"]

1. e4 c5 2. Nf3 d6 3. d4 cxd4 4.
Nxd4 Nf6 5. Nc3 Nc6 6. Bg5 e6 7. Qd2 a6 8. O-O-O Bd7 9. f4 Be7 10. Nf3 b5 11. Bd3 Qb6 12. Kb1 O-O-O 13. Bh4 d5 14. e5 Ng4 15. Bxe7 Nxe7 16. Ng5 Be8 17.
Rde1 h6 18. Nf3 b4 19. Ne2 Nf2 20. Rhf1 Ne4 21. Qc1 Kb8 22. Ned4 Rc8 23. Bxe4 dxe4 24. Rxe4 Nd5 25. Qd2 Nc3+ 26. bxc3 bxc3+ 27. Nb3 cxd2 28. Nxd2 Bc6 29. Nc4 Qb5 30. Rd4 Bd5 31. a4 Qb4 32. Nd6 Qa3 33. Rd3 Bc4 34. Nxc4 Rxc4 35. Na5 Qb4+ 36. Rb3 Qxb3+ 37. Nxb3 Rhc8 38. g3 Rxc2 39. Rd1 Rxh2 40. Rd7 h5 41. Rxf7 Rc7 42. Rf8+ Ka7 43. Re8 Rb7 44. Rxe6 Rxb3+ 45. Kc1 Rxg3 46. Re7+ Kb6 47.
e6 Rg1# 0-1

[Event "Late-Titled-Tuesday-Blitz-June-18-2024"]
[Site "Chess.com"]
[Date "2024.06.18"]
[Round "8"]
[White "Supergiuly"]
[Black "JackRodgers"]
[Result "1-0"]
[WhiteElo "2368"]
[BlackElo "2546"]
[TimeControl "180+1"]
[EndTime "15:29:31 PDT"]
[Termination "Supergiuly won by resignation"]

1. g3 h5 2. h4 d5 3. Bg2 c6 4. d3 g6 5. Nf3 Bg7 6. O-O Bg4 7. c3 Qc8 8. Bf4 Bh3 9. Qb3 Bxg2 10. Kxg2 Nd7 11.
Nbd2 Ngf6 12. e4 Nc5 13. Qc2 Ne6 14. Be3 dxe4 15. dxe4 Ng4 16. Bd4 Nxd4 17. Nxd4 O-O 18. Rae1 Rd8 19. N2f3 c5 20. Nb3 b5 21. Rd1 Qc6 22.
Qe2 Rxd1 23. Rxd1 a5 24. Nc1 a4 25. Nd3 a3 26. Rb1 axb2 27. Rxb2 Bxc3 28. Rc2 b4 29. Nh2 Nxh2 30. Kxh2 Rd8 31. Qe3 c4 32. Nf4 Bd4 33.
Qe2 c3 34. Nd5 Bc5 35. Qc4 Qd6 36. a3 bxa3 37. Qxc3 Ba7 38. Qa5 Bd4 39. Rc6 Qd7 40. Rc7 Qd6 41. Rxe7 Bg7 42. Rc7 Qe5 43. Rc2 Rf8 44.
Qxa3 Qxe4 45. Ne3 Qf5 46. Nxf5 gxf5 47. Qd3 1-0

[Event "Late-Titled-Tuesday-Blitz-June-18-2024"]
[Site "Chess.com"]
[Date "2024.06.18"]
[Round "8"]
[White "Bryanl106"]
[Black "tptagain"]
[Result "0-1"]
[WhiteElo "2749"]
[BlackElo "2947"]
[TimeControl "180+1"]
[EndTime "15:29:32 PDT"]
[Termination "tptagain won by resignation"]

1. e4 c5 2. Nf3 Nc6 3. d4 cxd4 4.
Nxd4 e5 5. Nb5 d6 6. N1c3 a6 7. Na3 Be6 8. Nc4 Rb8 9. Ne3 Nf6 10. g3 g6 11. Bg2 Bh6 12. O-O O-O 13. Ned5 Bxc1 14.
Rxc1 Nd4 15. Qd3 Nxd5 16. Nxd5 Bxd5 17. exd5 Qb6 18. c3 Nf5 19. Qd2 a5 20. h4 Kg7 21.
Kh2 Rbe8 22. Bh3 Nh6 23. b3 f5 24. Qe3 Qxe3 25. fxe3 e4 26. c4 b6 27. Kg1 Kf6 28.
a3 Ke5 29. Rfd1 Ng4 30. Rc3 Nf6 31. Bf1 Ra8 32. Be2 Rfc8 33. Rcc1 Rc7 34. Kf2 Rac8 35. Ke1 b5 36. Kd2 b4 37. axb4 axb4 38. Ra1 Nd7 39.
Ra4 Rb8 40. Kc2 Nc5 41. Ra5 h6 42. Rda1 g5 43. Ra8 Rxa8 44. Rxa8 gxh4 45. gxh4 Rg7 46. Re8+ Kf6 47. Rf8+ Ke7 48. Rxf5 Rg2 49. Kd1 Nxb3 50. Rh5 Nc5 51. Rxh6 b3 52. Rh7+ Kf6 53. Rh6+ Kg7 54.
Rxd6 Rg1+ 55. Kd2 b2 56. Rb6 b1=Q 57. Rxb1 Rxb1 58. Kc3 Re1 59. Bg4 Rxe3+ 60. Kd4 Rg3 61. Bf5 e3 62. Bd3 Nxd3 63. Kxd3 Kf6 64. c5 Ke5 65. d6 Kd5 66. d7 Rg8 67. Kxe3 Kxc5 68.
Kf4 Kd6 69. Kf5 Kxd7 70. Kf6 Rh8 71. Kg5 Ke8 72. h5 Kf7 73. h6 Rg8+ 74. Kh5 Rg1 75. h7 Rh1+ 76. Kg5 Rxh7 0-1

[Event "Late-Titled-Tuesday-Blitz-June-18-2024"]
[Site "Chess.com"]
[Date "2024.06.18"]
[Round "8"]
[White "tortorchess"]
[Black "AlejandroArias"]
[Result "1-0"]
[WhiteElo "2224"]
[BlackElo "2353"]
[TimeControl "180+1"]
[EndTime "15:29:33 PDT"]
[Termination "tortorchess won on time"]

1. d4 d5 2. c4 e6 3. Nc3 c5 4. e3 Nf6 5. Nf3 a6 6. Bd3 dxc4 7.
Bxc4 b5 8. Bd3 Bb7 9. O-O Nbd7 10. a3 Be7 11. Bc2 O-O 12. h3 Qb6 13. e4 cxd4 14.
Nxd4 Rfd8 15. Be3 Bc5 16. b4 Bxd4 17. Bxd4 Qc7 18. Qd2 e5 19. Be3 Nb6 20. Qe1 Nc4 21. Bg5 Rd4 22. Bxf6 gxf6 23. Qe2 Nd2 24. Qg4+ Kh8 25.
Ne2 Qxc2 26. Nxd4 exd4 27. Rfe1 Bxe4 28. Qf4 Qd3 29. Rad1 Rg8 30. Qxf6+ Rg7 31. Qd8+ Rg8 32.
Qf6+ Rg7 33. Kh2 Nf3+ 34. gxf3 Qxf3 35. Qxf3 Bxf3 36. Re8+ Rg8 37. Rxg8+ Kxg8 38. Rxd4 f5 39. Kg3 Be4 40. Rd6 Kf7 41. Rxa6 Bd3 42. Kf4 Bc2 43.
Ra5 Bd3 44. a4 bxa4 45. Rxa4 Ke6 46. Ra7 h6 47. Rh7 Kd5 48. Rxh6 Kc4 49. Rf6 Kxb4 50. h4 Kc5 51. h5 1-0

[Event "Late-Titled-Tuesday-Blitz-June-18-2024"]
[Site "Chess.com"]
[Date "2024.06.18"]
[Round "8"]
[White "IMRosen"]
[Black "VaglioSagan"]
[Result "1-0"]
[WhiteElo "2761"]
[BlackElo "2531"]
[TimeControl "180+1"]
[EndTime "15:29:35 PDT"]
[Termination "IMRosen won by resignation"]

1. e4 c6 2. d4 d5 3. exd5 cxd5 4. Bd3 Nc6 5. c3 Nf6 6. Bf4 e6 7. Nf3 Bd6 8. Bg3 O-O 9. Qe2 Rb8 10. Ne5 Bxe5 11.
dxe5 Nd7 12. Nd2 Nc5 13. Bb1 b6 14. b4 Na4 15. Qb5 Nxc3 16. Qxc6 d4 17. Qc4 Bb7 18. O-O Rc8 19. Qd3 g6 20. a4 Qd5 21. Nf3 Rfd8 22. Bh4 Rd7 23. Bf6 Qc4 24. h4 Qxb4 25.
Qd2 Bxf3 26. gxf3 d3 27. a5 bxa5 28. Ra4 Qc5 29. Rc4 Qf8 30. Rxc3 Rxc3 31. Qxc3 d2 32. Rd1 Qb4 33. Qxb4 axb4 34. Bg5 h6 35. Rxd2 Rc7 36. Bf6 Rc8 37. Kg2 a5 38. Ra2 Ra8 39. Bc2 Kf8 40. Ba4 Kg8 41. Rb2 g5 42. hxg5 Kh7 43. f4 hxg5 44.
fxg5 Kg6 45. f4 Kf5 46. Kf3 Rc8 47. Bc2+ Rxc2 48. Rxc2 b3 49. Rb2 a4 50. Be7 a3 51.
Bxa3 f6 52. gxf6 Kg6 53. Rxb3 Kf5 54. Rb1 1-0

[Event "Late-Titled-Tuesday-Blitz-June-18-2024"]
[Site "Chess.com"]
[Date "2024.06.18"]
[Round "8"]
[White "Dhaydon19"]
[Black "FuenfgegenWilly"]
[Result "1-0"]
[WhiteElo "2655"]
[BlackElo "2518"]
[TimeControl "180+1"]
[EndTime "15:29:35 PDT"]
[Termination "Dhaydon19 won by checkmate"]

1. e4 c5 2. Nc3 a6 3. a4 b6 4.
g3 Bb7 5. Bg2 e6 6. Nge2 d5 7.
exd5 Nf6 8. d4 cxd4 9. Qxd4 Bc5 10. Qh4 Be7 11. Qg5 O-O 12. O-O Nxd5 13. Qd2 Nxc3 14. Nxc3 Bxg2 15. Kxg2 Qc7 16. Qe2 Nd7 17. Be3 Rfd8 18. Rad1 Bf6 19. Rd3 Ne5 20. Rxd8+ Rxd8 21. Ne4 Qc6 22. f3 Nc4 23. Nxf6+ gxf6 24. Bc1 b5 25. b3 Ne5 26. axb5 axb5 27. Bb2 Qd5 28. Re1 Qd2 29. Kf2 Kg7 30. Bxe5 fxe5 31. Qxd2 Rxd2+ 32. Re2 Rd5 33. c4 bxc4 34. bxc4 Rc5 35. Rc2 f5 36. Ke3 Kf6 37. h4 h5 38. Kd3 Ke7 39. Rb2 Rc7 40. Rb5 Kd6 41. Rb6+ Kd7 42. Kc3 Ra7 43.
c5 Ra3+ 44. Rb3 Ra1 45. Kc4 Kc7 46. Re3 Rc1+ 47. Kb4 f4 48. gxf4 exf4 49. Rxe6 Rf1 50. Kb5 Rxf3 51. Re7+ Kd8 52. Rh7 Rb3+ 53. Kc6 f3 54. Rxh5 Re3 55. Rf5 Re4 56. h5 Rh4 57. Kd6 f2 58. Rf8# 1-0

[Event "Late-Titled-Tuesday-Blitz-June-18-2024"]
[Site "Chess.com"]
[Date "2024.06.18"]
[Round "8"]
[White "ahkashefi2800"]
[Black "Rutricks"]
[Result "0-1"]
[WhiteElo "2637"]
[BlackElo "2819"]
[TimeControl "180+1"]
[EndTime "15:29:36 PDT"]
[Termination "Rutricks won on time"]

1. d4 g6 2. c4 Bg7 3. Nc3 d6 4. g3 Nd7 5. Bg2 Ngf6 6. Nf3 O-O 7.
O-O c5 8. b3 Rb8 9. Bb2 a6 10.
Qd2 b5 11. cxb5 axb5 12. a4 bxa4 13. bxa4 Nb6 14. Qc2 Nbd5 15. dxc5 Rxb2 16. Qxb2 Ne4 17. Qc2 Nexc3 18. cxd6 Bf5 19. Qd2 Qxd6 20. a5 Ne4 21. Qa2 Bxa1 22. Rxa1 Ndc3 23. Qa3 Nxe2+ 24. Kf1 Qa6 25.
Qxe7 N2xg3+ 26. Kg1 Ne2+ 27. Kf1 Nf4+ 28. Kg1 Nxg2 29. Kxg2 Qf6 30. Qxf6 Nxf6 31. Nd4 Be4+ 32. f3 Rd8 33. Ra4 Bb7 34. a6 Bxa6 35. Rxa6 Nh5 36.
Ne2 Rd2 37. Kf1 Ng7 38. Ra8+ Ne8 39. Rxe8+ Kg7 40. Re3 h5 41. Ke1 Ra2 42. Kf2 Kf6 43. h4 Kf5 44. Re4 f6 45. Ke3 g5 46. Nd4+ Kg6 47.
hxg5 fxg5 48. Re6+ Kg7 49. Nf5+ Kf7 50. Rh6 h4 51. Nd6+ Kg7 52. Nf5+ Kf7 53. Ke4 Re2+ 54. Ne3 Kg7 55. Rh5 Kg6 56. Rh8 Re1 57. Kd3 Rh1 58. Ng4 Ra1 59. Rg8+ Kf5 60. Ne3+ Kf4 61. Rf8+ Kg3 62.
Rf5 Ra3+ 63. Ke2 Ra2+ 64. Ke1 h3 65. Rxg5+ Kf4 66. Rh5 Kxe3 67. Kd1 h2 68. f4 h1=Q+ 0-1

[Event "Late-Titled-Tuesday-Blitz-June-18-2024"]
[Site "Chess.com"]
[Date "2024.06.18"]
[Round "8"]
[White "Rawnsdale"]
[Black "RebecaJimnz"]
[Result "0-1"]
[WhiteElo "2443"]
[BlackElo "2289"]
[TimeControl "180+1"]
[EndTime "15:29:36 PDT"]
[Termination "RebecaJimnz won by checkmate"]

1. e4 c5 2. Nf3 Nc6 3. d4 cxd4 4.
Nxd4 g6 5. Nc3 Bg7 6. Be3 Nf6 7. Bc4 Qa5 8. Nb3 Qb4 9. Bd3 Nxe4 10. Bxe4 Bxc3+ 11. bxc3 Qxe4 12. O-O O-O 13. Bh6 Re8 14. Re1 Qh4 15. Qd2 d6 16. g3 Qh3 17. Re4 Bg4 18.
Qf4 Ne5 19. Nd2 Rac8 20. f3 Bf5 21. Re3 Bxc2 22. Rae1 Bf5 23. g4 Nd3 24. Rxd3 Bxd3 25. g5 Qf5 26. Qd4 Qc5 27. Kf2 Qxd4+ 28. cxd4 Rc2 29.
Ke3 Bc4 30. Ne4 Be6 31. Kf4 Rec8 32. h4 Rc1 33. Re3 Bf5 34. Ng3 Be6 35. d5 Bxd5 36. Rxe7 R1c7 37. Re1 Rc4+ 38. Ke3 Re8+ 39. Kf2 Rxe1 40.
Kxe1 Rc2 41. f4 Rxa2 42. f5 a5 43. h5 a4 44. fxg6 hxg6 45. hxg6 fxg6 46. Ne2 a3 47. Nc3 Ra1+ 48. Kd2 Be6 49. Kc2 a2 50. Kb2 Rh1 51. Nxa2 Rh2+ 52. Kc3 Rxa2 53. Kd4 Rh2 54. Ke4 Kh7 55. Kf4 Rxh6 56. gxh6 Kxh6 57. Kg3 Kg7 58.
Kh4 b5 59. Kg3 b4 60. Kh2 b3 61. Kg2 b2 62. Kf2 b1=Q 63. Kg3 Qe4 64. Kh2 Qd3 65. Kg1 Qc2 66. Kh1 Kf6 67. Kg1 Kf5 68. Kh1 Bd5+ 69. Kg1 Qg2# 0-1

[Event "Late-Titled-Tuesday-Blitz-June-18-2024"]
[Site "Chess.com"]
[Date "2024.06.18"]
[Round "8"]
[White "Chaubunagungamaug1"]
[Black "rionelG"]
[Result "1-0"]
[WhiteElo "2480"]
[BlackElo "2350"]
[TimeControl "180+1"]
[EndTime "15:29:38 PDT"]
[Termination "Chaubunagungamaug1 won by checkmate"]

1. d4 Nf6 2. c4 g6 3. Nc3 Bg7 4. Nf3 d6 5. Bg5 h6 6. Bh4 g5 7. Bg3 Nh5 8. e3 Nd7 9. Be2 c5 10. Qc2 Nxg3 11. hxg3 e6 12. Rd1 Qe7 13. O-O b6 14. a3 O-O 15. b4 Bb7 16. Qa4 Rfd8 17. Rd2 Nf6 18. Rfd1 cxd4 19. Nxd4 d5 20. Qb3 Rac8 21.
Qa2 dxc4 22. Bxc4 Ne4 23. Nxe4 Bxe4 24. Nxe6 Rxd2 25. Rxd2 Rxc4 26. Rd8+ Kh7 27. Qxc4 Qxe6 28. Qxe6 fxe6 29. Rd7 Kg6 30. Rxa7 Bb2 31. a4 Bc3 32. f3 Bd3 33. a5 bxa5 34. bxa5 Kf6 35.
Kf2 h5 36. Ra8 Bc4 37. a6 Be5 38. Rf8+ Ke7 39. a7 Kxf8 40. a8=Q+ Ke7 41. Qb7+ Kf6 42. Qc6 Bd5 43. Qe8 h4 44. gxh4 gxh4 45. f4 Bd6 46. Qh8+ Kf5 47. Qh5+ Ke4 48. Qxh4 Bc5 49. Qh7# 1-0

[Event "Late-Titled-Tuesday-Blitz-June-18-2024"]
[Site "Chess.com"]
[Date "2024.06.18"]
[Round "8"]
[White "Inepton_Fermion"]
[Black "Roland_Garros_2024"]
[Result "1-0"]
[WhiteElo "2402"]
[BlackElo "2213"]
[TimeControl "180+1"]
[EndTime "15:29:38 PDT"]
[Termination "Inepton_Fermion won on time"]

1. Nf3 Nf6 2. b3 d5 3. Bb2 Bf5 4. d3 e6 5. g3 h6 6. Bg2 Be7 7. O-O O-O 8. Nbd2 Nbd7 9. Qe1 Bh7 10. e4 c6 11. Qe2 a5 12. a4 Re8 13. e5 Nh5 14. Nd4 g6 15. f4 Ng7 16. g4 c5 17. Nb5 Nb6 18. Kh1 h5 19. h3 hxg4 20. hxg4 g5 21. Qe3 gxf4 22. Qxf4 Bg6 23. Nf3 d4 24. Bc1 Nd5 25. Qh6 Bf8 26. Qh3 Ra6 27. Ng5 Be7 28. Ne4 f5 29. Ned6 Bxd6 30. Nxd6 Rxd6 31.
exd6 Qxd6 32. Qh6 Kf7 33. Bd2 Qd8 34. Kg1 Rh8 35. Qg5 Qd6 36. Bf4 Nxf4 37. Qxf4 e5 38. Qf3 f4 39. Qxb7+ Kf6 40. Qc6 Qxc6 41. Bxc6 Rh3 42. Kf2 Rh2+ 43. Bg2 Rh8 44. Rh1 Re8 45. Rh6 Ne6 46. Be4 Rg8 47. Bd5 1-0

[Event "Late-Titled-Tuesday-Blitz-June-18-2024"]
[Site "Chess.com"]
[Date "2024.06.18"]
[Round "8"]
[White "wonderfultime"]
[Black "MagnusCarlsen"]
[Result "1-0"]
[WhiteElo "3041"]
[BlackElo "3181"]
[TimeControl "180+1"]
[EndTime "15:29:39 PDT"]
[Termination "wonderfultime won on time"]

1. d4 Nf6 2. Nf3 b6 3. c4 Bb7 4.
Nc3 e6 5. a3 g6 6. Bf4 Bg7 7. e3 O-O 8. Be2 d6 9. O-O Nbd7 10.
Rc1 Qe7 11. b4 e5 12. Bg3 Rfe8 13. dxe5 dxe5 14. Nd5 Qd8 15. Qb3 Ne4 16. Rfd1 Nxg3 17.
hxg3 e4 18. Nd4 c6 19. Nc3 Qe7 20. b5 Nc5 21. Qb1 Rac8 22. bxc6 Bxc6 23. Nd5 Qe5 24.
Nxc6 Rxc6 25. Qb5 Rec8 26. Rc2 h5 27. Rcd2 Kh7 28. Nf4 Qc3 29. g4 h4 30. Nh3 Qxa3 31. Ng5+ Kg8 32. Rd8+ Bf8 33. Re8 Qa2 34. Bf1 a6 35.
Rxc8 axb5 36. Rxc6 bxc4 37. Rd8 Kg7 38. Rc7 Kf6 39.
Nh7+ Kg7 40. Nxf8 c3 41. Nd7 c2 42. Nxc5 Qb1 43. Ne6+ Kf6 44. Rdc8 c1=Q 45. Rxc1 1-0

[Event "Late-Titled-Tuesday-Blitz-June-18-2024"]
[Site "Chess.com"]
[Date "2024.06.18"]
[Round "8"]
[White "aot317"]
[Black "Bob_2004"]
[Result "0-1"]
[WhiteElo "2548"]
[BlackElo "2746"]
[TimeControl "180+1"]
[EndTime "15:29:39 PDT"]
[Termination "Bob_2004 won by checkmate"]

1. d4 Nf6 2. c4 b6 3. Nf3 Bb7 4. g3 g6 5. Bg2 Bg7 6. O-O O-O 7.
Nc3 Ne4 8. Qc2 Nxc3 9. bxc3 d6 10. e4 Nd7 11. Bf4 e5 12. Bg5 Qe8 13. Rfe1 h6 14.
Bd2 c5 15. d5 f5 16. exf5 gxf5 17. Nh4 Qh5 18. Bf3 Qf7 19. Bg2 Ba6 20. Bh3 Bxc4 21.
Bxf5 Bxd5 22. Bh7+ Kh8 23. Ng6+ Kxh7 24. Nxf8+ Kg8 25.
Nxd7 Qf3 26. Nf6+ Bxf6 27. Qg6+ Bg7 28. Kf1 Rf8 29. Be3 Rf6 30. Qe8+ Kh7 31. Rad1 Qg2+ 32. Ke2 Bf3+ 33. Kd2 Bxd1 34. Rxd1 d5 35. Kc1 d4 36.
cxd4 cxd4 37. Bd2 Rxf2 38. Kc2 Qe4+ 39. Kc1 Qd5 40. Kb1 e4 41. Qa4 e3 42. Be1 Rxh2 43. Rd3 Rh1 44. Rd1 d3 45. Bb4 Rxd1+ 46. Qxd1 e2 47. Qd2 Qf5 48. a4 e1=Q+ 49. Qxe1 d2+ 50. Ka2 dxe1=Q 51. Bxe1 Qc2+ 52. Ka3 Qb2# 0-1

[Event "Late-Titled-Tuesday-Blitz-June-18-2024"]
[Site "Chess.com"]
[Date "2024.06.18"]
[Round "8"]
[White "Bala-Afiada"]
[Black "crazycheesecake"]
[Result "1-0"]
[WhiteElo "2059"]
[BlackElo "2070"]
[TimeControl "180+1"]
[EndTime "15:29:39 PDT"]
[Termination "Bala-Afiada won on time"]

1. d4 d5 2. c4 e6 3. Nf3 Nf6 4. Qc2 Be7 5. g3 O-O 6. Bg2 c6 7. O-O b6 8. Nbd2 Bb7 9. e4 Na6 10. e5 Nd7 11. a3 c5 12. cxd5 Bxd5 13. Ne4 cxd4 14. Neg5 g6 15. b4 Rc8 16. Qb2 h6 17.
Nh3 Bxf3 18. Bxf3 Nxe5 19. Bb7 Nd3 20. Qd2 Rxc1 21. Raxc1 Nxc1 22. Bxa6 Nb3 23. Qxh6 Qd5 24. Bd3 Bf6 25. Nf4 Qb7 26. Nxg6 fxg6 27. Qxg6+ Qg7 28.
Qh5 Nd2 29. Rd1 Bg5 30. Kg2 Nf3 31. Be4 Ne5 32. Rxd4 Ng4 33. Bh7+ Qxh7 34. Qxg5+ Qg7 35.
Qxg7+ Kxg7 36. Rxg4+ Kh7 37. Re4 Re8 38. f4 Kg6 39. g4 Kf6 40. Kf3 Rc8 41. h4 Rc3+ 42.
Re3 Rc2 43. g5+ Kf7 44. h5 Rh2 45. h6 Rh3+ 46. Ke4 Rh4 47. Ke5 Rh2 48. f5 exf5 49. Kxf5 Rf2+ 50. Ke5 Kg6 51. Rg3 1-0

[Event "Late-Titled-Tuesday-Blitz-June-18-2024"]
[Site "Chess.com"]
[Date "2024.06.18"]
[Round "8"]
[White "AlexanderMatlak"]
[Black "JunjiCol"]
[Result "0-1"]
[WhiteElo "2443"]
[BlackElo "2350"]
[TimeControl "180+1"]
[EndTime "15:29:40 PDT"]
[Termination "JunjiCol won on time"]

1. c4 e6 2. Nf3 d5 3. g3 Nf6 4. Bg2 Be7 5. O-O O-O 6. d4 dxc4 7. Ne5 c5 8. dxc5 Qc7 9. Nxc4 Qxc5 10. b3 Nc6 11. Ba3 Qh5 12. Bxe7 Nxe7 13. e3 Qxd1 14. Rxd1 Ned5 15. Nba3 Bd7 16. Ne5 Rfd8 17. Rac1 Kf8 18.
Nac4 Ke7 19. a3 Rac8 20. Nxd7 Rxd7 21. Na5 Rdc7 22. Rxc7+ Rxc7 23. b4 b6 24. Nb3 Rc3 25. Nd4 Rxa3 26. b5 a5 27. bxa6 Rxa6 28. e4 Nc3 29.
Nc6+ Kf8 30. Rd8+ Ne8 31. Bf1 b5 32. Nd4 Rb6 33. f4 b4 34. Nb3 Ke7 35. Ra8 Nxe4 36.
Ra7+ Kf8 37. Bd3 N4d6 38. Nc5 b3 39. Nd7+ Kg8 40. Nxb6 b2 41. Ra2 Nb7 42. Rxb2 Nc5 43. Bc4 Nd6 44. Rd2 Nce4 45. Rd1 Kf8 46. Bd3 Nc3 47.
Ra1 Nd5 48. Nxd5 exd5 49. Ra7 Ne8 50. Kf2 g6 51. Ke3 Nf6 52. Kd4 Ng4 53. h3 Nf2 54.
h4 Nh1 55. g4 Nf2 56. Be2 Nh3 57. f5 Nf4 58. Bf3 h5 59. f6 Kg8 60. g5 Ne6+ 0-1

[Event "Late-Titled-Tuesday-Blitz-June-18-2024"]
[Site "Chess.com"]
[Date "2024.06.18"]
[Round "8"]
[White "HamedWafa4"]
[Black "topin8"]
[Result "1/2-1/2"]
[WhiteElo "2653"]
[BlackElo "2534"]
[TimeControl "180+1"]
[EndTime "15:29:43 PDT"]
[Termination "Game drawn by repetition"]

1. e4 e5 2. Nf3 Nc6 3. Bb5 Nf6 4. Nc3 d6 5. d4 exd4 6. Nxd4 Bd7 7. Nxc6 bxc6 8. Bd3 Be7 9. O-O O-O 10. h3 Re8 11.
f4 Bf8 12. Qf3 c5 13. b3 Bc6 14. Bb2 Rb8 15. Rae1 g6 16. Nd5 Bg7 17. Bxf6 Bxf6 18. Bc4 Bxd5 19. Bxd5 Bd4+ 20. Kh1 Qh4 21. f5 g5 22. f6 Be5 23. Re3 c6 24. Bxc6 Re6 25. Bd7 Rxf6 26. Bf5 Qf4 27. g3 Qxf3+ 28. Rfxf3 h5 29.
Kg2 Kf8 30. Rf1 Ke7 31. c3 Rh6 32. Rb1 a5 33. Rf1 f6 34. Rd1 h4 35. g4 a4 36. Rb1 axb3 37. axb3 Rb7 38. b4 Rh8 39. b5 c4 40. Re2 Rhb8 41. Reb2 Bxc3 42. Rc2 Be5 43. Rxc4 Rxb5 44. Rc7+ Kd8 45. Rxb5 Kxc7 46. Rxb8 Kxb8 47. Be6 Kc7 48. Bd5 Kb6 49. Kf3 Kc5 50. Ke3 Kb4 51. Kd3 Kc5 52. Be6 Bf4 53.
Bf5 Be5 54. Be6 Bf4 55. Bd5 Be5 56. Ke2 Kd4 57. Kf3 Bf4 58. Kg2 Be5 59. Ba8 Ke3 60.
Bd5 Kf4 61. Ba8 Ke3 62. Bd5 Bd4 63. Ba8 Be5 1/2-1/2

[Event "Late-Titled-Tuesday-Blitz-June-18-2024"]
[Site "Chess.com"]
[Date "2024.06.18"]
[Round "8"]
[White "shirovin"]
[Black "olakenn"]
[Result "1-0"]
[WhiteElo "2100"]
[BlackElo "1871"]
[TimeControl "180+1"]
[EndTime "15:29:45 PDT"]
[Termination "shirovin won by resignation"]

1. e4 c6 2. d4 d5 3. exd5 cxd5 4. Bd3 Nc6 5. c3 Nf6 6. Bf4 Bg4 7. Qb3 Qb6 8. Qxb6 axb6 9. Na3 Nh5 10. Bc7 e6 11. Nb5 Na7 12. Nxa7 Rxa7 13. Bxb6 Ra8 14. Bb5+ Ke7 15. f3 Bf5 16. g4 Kf6 17. gxf5 Kxf5 18. Ne2 Bd6 19. Bd3+ Kf6 20. Bc5 Bc7 21. Kf2 g5 22.
Ng3 Nf4 23. Bc2 h5 24. Ne2 Nh3+ 25. Kg2 g4 26. fxg4 hxg4 27. Rhf1+ Kg7 28. Ng3 f5 29.
Rae1 Rxa2 30. Ba3 f4 31. Rxe6 fxg3 32. Re7+ Kh6 33. Rxc7 gxh2 34. Kxh2 Kg5 35. Rg7+ Kh6 36. Rg6+ Kh5 37. Rf5+ Kh4 38. Rf1 Ng5 39. Bb1 g3+ 40.
Kg2 Rxa3 41. Rh1+ Kg4 42. Rxh8 Kf4 43. Rxg5 Kxg5 44. bxa3 b6 45. Rg8+ Kf6 46. Rxg3 Ke7 47. Rf3 Kd6 48. Re3 Kc7 49. Re5 Kc6 50. Ba2 b5 51.
Bxd5+ Kb6 52. Bb3 Ka5 53. d5 b4 54. d6+ Kb6 55. axb4 Kc6 56. Rd5 1-0

[Event "Late-Titled-Tuesday-Blitz-June-18-2024"]
[Site "Chess.com"]
[Date "2024.06.18"]
[Round "8"]
[White "yaguigor"]
[Black "Igor_Lysyj"]
[Result "0-1"]
[WhiteElo "2643"]
[BlackElo "2851"]
[TimeControl "180+1"]
[EndTime "15:29:46 PDT"]
[Termination "Igor_Lysyj won by resignation"]

1. e4 e5 2. Nf3 Nc6 3. Bb5 a6 4. Ba4 Nf6 5. O-O Nxe4 6. d4 b5 7. Bb3 d5 8. dxe5 Be6 9. c3 Bc5 10. Nbd2 O-O 11. Bc2 Nxf2 12. Rxf2 Bxf2+ 13. Kxf2 f6 14. Nf1 fxe5 15. Kg1 Qd6 16. Be3 Rad8 17. b4 d4 18. Ng5 Bf5 19. Bxf5 Rxf5 20. Ng3 Rff8 21. cxd4 exd4 22. Qb3+ Qd5 23. Bd2 Qxb3 24. axb3 Rfe8 25. Rc1 Rd6 26. N5e4 Rg6 27. Nc5 Ne5 28. Re1 Rd6 29. Bf4 Nf3+ 30. gxf3 Rxe1+ 31. Kf2 Rb1 32. Bxd6 cxd6 33.
Nxa6 Rb2+ 34. Ke1 Rxb3 35. Ke2 Rb2+ 36. Kd3 Rxh2 37. Nf5 h5 38. Nxd6 h4 39. Nc5 h3 40.
Nce4 Rg2 41. Nf5 h2 42. Nfg3 Rb2 43. Kxd4 Rxb4+ 44. Kc5 Rb1 45. f4 h1=Q 46. Nxh1 Rxh1 47. Kxb5 Rh4 48. Kc5 Rxf4 49. Kd5 Rf1 50. Ke5 Kh7 51. Ng5+ Kg6 52. Nh3 Rf3 0-1

[Event "Late-Titled-Tuesday-Blitz-June-18-2024"]
[Site "Chess.com"]
[Date "2024.06.18"]
[Round "8"]
[White "pinelone"]
[Black "szefru"]
[Result "0-1"]
[WhiteElo "2448"]
[BlackElo "2356"]
[TimeControl "180+1"]
[EndTime "15:29:46 PDT"]
[Termination "szefru won by checkmate"]

1. Nf3 Nf6 2. c4 g6 3. b3 Bg7 4. Bb2 O-O 5. g3 c6 6. Bg2 d5 7. O-O Bg4 8. d3 Na6 9. Nbd2 c5 10. cxd5 Nxd5 11. Bxg7 Kxg7 12. Qc2 Rc8 13. a3 Kg8 14. Nc4 b5 15. Ne3 Nxe3 16. fxe3 c4 17. bxc4 bxc4 18. dxc4 Nc5 19. Nd4 e5 20. Nb5 a6 21. Nc3 Qg5 22. Nd5 Bf5 23. e4 Be6 24. Qc1 Qd8 25. Rb1 Kg7 26.
Qc3 f6 27. Rfd1 Qe8 28. Qa5 Bg4 29. Bf3 h5 30. Rb6 Ne6 31. Bxg4 hxg4 32. e3 Rxc4 33. Qxa6 Ra4 34. Qd3 Nc5 35. Qc2 Rxe4 36. Qxc5 Kh6 37. Nxf6 Qa4 38. Qc1 Rc4 39. Qd2 Rc2 40. Qe1 Qc4 41.
Qf1 Qc5 42. Nxg4+ Kg5 43. Rb7 Rxf1+ 44. Rxf1 Kxg4 45. Rb4+ Kg5 46. h4+ Kh6 47. Re4 Qd5 48.
Rg4 Qg2# 0-1

[Event "Late-Titled-Tuesday-Blitz-June-18-2024"]
[Site "Chess.com"]
[Date "2024.06.18"]
[Round "8"]
[White "dretch"]
[Black "Mikayel99"]
[Result "1/2-1/2"]
[WhiteElo "2837"]
[BlackElo "2677"]
[TimeControl "180+1"]
[EndTime "15:29:47 PDT"]
[Termination "Game drawn - insufficient material"]

1. d4 d5 2. c4 e6 3. Nc3 Be7 4. cxd5 exd5 5. Bf4 c6 6. Qc2 Nf6 7. e3 Bg4 8. Nf3 Nbd7 9. Ne5 Bh5 10. Bd3 Nxe5 11. dxe5 Nd7 12. g4 Bg6 13. Bxg6 hxg6 14.
O-O-O Nc5 15. Kb1 Qb6 16. e4 d4 17. Na4 Nxa4 18. Qxa4 O-O-O 19. Qc4 Rhf8 20. e6 fxe6 21. Qxe6+ Rd7 22. Be5 c5 23. Qxb6 axb6 24. f4 Bf6 25. Bxf6 gxf6 26. h4 Rh7 27. f5 gxf5 28. exf5 Rfh8 29. h5 Kd7 30. Rde1 Rg8 31. Re6 Rxg4 32.
Rxb6 Rh6 33. a4 Rf4 34. Rxb7+ Kc6 35. Rb8 Rxf5 36. a5 c4 37. a6 Ra5 38. Rh4 Rxa6 39.
Rxd4 Rxh5 40. Rxc4+ Kd6 41. Rd8+ Ke7 42. Rcc8 Rh2 43. Re8+ Kd7 44. Red8+ Ke7 45. Rg8 Rb6 46. Rg7+ Ke6 47. Rc2 Rxc2 48. Kxc2 Kd5 49. Kc3 f5 50. b4 Rf6 51. Rg1 f4 52. Rd1+ Kc6 53. Kc4 f3 54. b5+ Kb6 55. Rf1 Rf4+ 56. Kd3 Kxb5 57. Ke3 Ra4 58. Rxf3 Ra3+ 59. Ke4 Rxf3 60. Kxf3 1/2-1/2

[Event "Late-Titled-Tuesday-Blitz-June-18-2024"]
[Site "Chess.com"]
[Date "2024.06.18"]
[Round "8"]
[White "WilsonPalencia21"]
[Black "DeArron_Fox"]
[Result "1-0"]
[WhiteElo "2608"]
[BlackElo "2462"]
[TimeControl "180+1"]
[EndTime "15:29:47 PDT"]
[Termination "WilsonPalencia21 won on time"]

1. d4 d5 2. c4 e6 3. Nf3 Nf6 4. Nc3 Be7 5. Bg5 O-O 6. e3 h6 7. Bxf6 Bxf6 8. Qc2 dxc4 9. O-O-O c5 10. dxc5 Qa5 11. Bxc4 Bxc3 12. Qxc3 Qxc5 13. Kb1 b5 14. Bd3 Qxc3 15. bxc3 a6 16. Be4 Ra7 17. Rd6 Bb7 18. Bxb7 Rxb7 19. Rhd1 Kh7 20. Ne5 Rc8 21. Kb2 Rbc7 22.
R1d3 Nc6 23. Nxc6 Rxc6 24. Rxc6 Rxc6 25. Kb3 f5 26. Rd4 Kg6 27. c4 bxc4+ 28. Rxc4 Rd6 29. Rd4 Rb6+ 30. Rb4 Rd6 31. Rd4 Rb6+ 32. Kc3 Kf6 33. f4 e5 34. Rc4 g5 35. g3 gxf4 36. gxf4 exf4 37. Rxf4 Ke5 38. Rc4 Rg6 39. a4 h5 40.
Rh4 Rg5 41. Rb4 Rg2 42. Rh4 Rg5 43. h3 Rg3 44. Kd2 Rg5 45. Kd3 a5 46. Rc4 Rg3 47. Rc5+ Kf6 48. h4 Rg4 49. Rxa5 Rxh4 50. Ra6+ Kg5 51.
Ra8 Rh1 52. Ke2 Ra1 53. Kf3 h4 54. Rg8+ Kf6 55. Ra8 Ra3 56. a5 h3 57. a6 h2 58. Kg2 Ra2+ 59. Kh1 Ke5 60. a7 1-0